 Dungeon Crawl Stone Soup version 0.27.0-1-g7a089689b8 (webtiles) character file.

Game seed: 16219353469979085214

129 ryw the Skirmisher (level 4, -4/38 HPs)
             Began as a Demonspawn Monk on Aug 12, 2021.
             Slain by an iguana (13 damage)
             ... on level 4 of the Dungeon.
             The game lasted 00:03:16 (2880 turns).

ryw the Skirmisher (Demonspawn Monk)                Turns: 2880, Time: 00:03:17

Health: -4/38      AC:  2    Str: 12    XL:     4   Next: 88%
Magic:  4/4        EV: 14    Int: 11    God:
Gold:   110        SH:  0    Dex: 16    Spells: 3/3 levels left

rFire    . . .     SeeInvis .     - Unarmed
rCold    . . .     Faith    .   (no shield)
rNeg     . . .     Spirit   .   a - +0 robe
rPois    .         Reflect  .   (helmet restricted)
rElec    .         Harm     .   (no cloak)
rCorr    .         Rampage  .   (no gloves)
Will     .....                  (no boots)
Stlth    ++........             (no amulet)
HPRegen  0.12/turn              (no ring)
MPRegen  0.09/turn              (no ring)

@: no status effects
A: antennae 1, talons 1
a: no special abilities


You were on level 4 of the Dungeon.
You visited 1 branch of the dungeon, and saw 4 of its levels.

You collected 110 gold pieces.

Inventory:

Missiles
 g - 66 stones (quivered)
Armour
 a - a +0 robe (worn)
Jewellery
 f - a +6 ring of dexterity
Scrolls
 b - a scroll of identify {unknown}
 i - 2 scrolls of immolation {unknown}
 j - a scroll of teleportation {unknown}
Potions
 c - 2 potions of flight {unknown}
 d - 2 potions of degeneration {unknown}
 e - 3 potions of heal wounds {unknown}
 h - a potion of mutation {unknown}


   Skills:
 + Level 4.3 Fighting
 + Level 4.2 Dodging
 - Level 1.7 Stealth
 - Level 2.6 Unarmed Combat


You had 3 spell levels left.
You didn't know any spells.
Your spell library was empty.

Dungeon Overview and Level Annotations

Branches:
Dungeon (4/15)
 Temple: D:4-7

Altars:
Cheibriados

Shops:
D:4 *


Innate Abilities, Weirdness & Mutations

You have a pair of small antennae on your head.
You have sharp toenails.


Message History

The iguana is moderately wounded.
The iguana barely misses you.
You hit the iguana. Your kick misses the iguana.
The iguana is heavily wounded.
The iguana barely misses you.
You barely miss the iguana. Your kick misses the iguana.
The iguana is heavily wounded.
The iguana closely misses you.
You hit the iguana but do no damage.
The iguana is heavily wounded.
The iguana misses you.
You hit the iguana but do no damage.
The iguana is heavily wounded.
The iguana completely misses you.
You completely miss the iguana. You claw the iguana, but do no damage.
The iguana is heavily wounded.
The iguana bites you!
You hit the iguana but do no damage. You claw the iguana, but do no damage.
The iguana is heavily wounded.
The iguana bites you but does no damage.
You hit the iguana.
The iguana is heavily wounded.
The iguana closely misses you.
You hit the iguana. Your kick misses the iguana.
The iguana is heavily wounded.
The iguana barely misses you.
You barely miss the iguana. You claw the iguana, but do no damage.
The iguana is heavily wounded.
The iguana completely misses you.
You hit the iguana but do no damage. Your kick misses the iguana.
The iguana is heavily wounded.
The iguana bites you.
You barely miss the iguana.
The iguana is heavily wounded.
The iguana bites you!
* * * LOW HITPOINT WARNING * * *
You hit the iguana but do no damage.
The iguana is heavily wounded.
The iguana bites you!
You die...

#.......## ....... #.......#
......l ##...#### ...... #...#
..... ###.# #...# #.# #...#
#.## ####...#####..#####.#.
.......wl@............
#+########...######.#####.#.#
.............# #..# .#.###
.............# ##.####......
.............# #.........#
....$..)w..#########.........#
...........##.........#.#....#
...........##........#...#...#
...........##..........∩....#


You could see an iguana and a dart slug.

Vanquished Creatures
  A howler monkey (D:4)
  A hound (D:4)
  A hound skeleton (D:4)
  2 adders (D:3)
  A worm (D:2)
  An orc (D:4)
  2 endoplasms (D:4)
  A giant cockroach (D:4)
  4 goblins
  A hobgoblin (D:2)
  4 jackals (D:2)
  4 kobolds
  2 ball pythons (D:2)
  2 bats (D:1)
  A frilled lizard (D:2)
  A rat (D:2)
29 creatures vanquished.

Notes
Turn   | Place    | Note
-------+----------+-------------------------------------------
     0 | D:1      | ryw the Demonspawn Monk began the quest for the Orb.
     0 | D:1      | Reached XP level 1. HP: 18/18 MP: 1/1
   337 | D:1      | You fall into a shaft and drop 1 floor!
   802 | D:2      | Gained mutation: You have a pair of small antennae on your
                  | head. [demonic ancestry]
   802 | D:2      | Reached XP level 2. HP: 22/24 MP: 2/2
  1592 | D:3      | Gained mutation: You have sharp toenails. [demonic
                  | ancestry]
  1592 | D:3      | Reached XP level 3. HP: 18/29 MP: 3/3
  2031 | D:3      | Found a snail-covered altar of Cheibriados.
  2295 | D:4      | Found Geve's Overcharged Wands.
  2619 | D:4      | Reached XP level 4. HP: 20/37 MP: 4/4
  2880 | D:4      | Slain by an iguana

Illustrated notes

Levels and vault maps discovered:
D:1:      lemuel_arrival_broad_hall, layout_basic,
          shapermc_ecumenical_altar_mp_ritualfount, minmay_pentomino_z2
D:2:      layout_loops_ring
D:3:      layout_basic, mainiacjoe_overflow_tiny_flanked
D:4:      layout_basic, nicolae_uskayaw_en_pointe,
          nicolae_shop_overcharged_wands

Skill      XL: |  1  2  3  4 |
---------------+-------------+-----
Dodging        | 3 4 |  4.2
Fighting       | 4 |  4.3
Stealth        | |  1.7
Unarmed Combat | |  2.6

Action                   |  1- 3 |  4- 6 || total
-------------------------+-------+-------++-------
Melee: Unarmed           |   139 |    28 ||   167
       Kick              |    13 |    10 ||    23
       Punch             |     1 |       ||     1
 Stab: Sleeping          |     4 |       ||     4
Armor: Robe              |    17 |     3 ||    20
Dodge: Dodged            |    93 |    14 ||   107
